 Dungeon Crawl Stone Soup version 0.30-a0-4-ga7cffc901d (webtiles) character file.

Game seed: 10791311254887117101

142056 Flugkiller the Severer (level 16, -13/152 HPs)
             Began as a Minotaur Fighter on Aug 21, 2022.
             Was a High Priest of Okawaru.
             Killed from afar by a shock serpent (24 damage)
             ... with a bolt of electricity
             ... on level 3 of the Snake Pit.
             The game lasted 00:19:01 (30864 turns).

Flugkiller the Severer (Minotaur Fighter)          Turns: 30864, Time: 00:19:01

Health: -13/152    AC: 34    Str: 33    XL:     16   Next: 79%
Magic:  21/21      EV: 18    Int:  7    God:    Okawaru [*****.]
Gold:   2128       SH: 27    Dex: 14    Spells: 15/15 levels left

rFire   + + .      SeeInvis .    a - +10 broad axe of the Valley {freeze, rN+ Str+2}
rCold   . . .      Faith    .    K - +5 tower shield of Negation {Int+2}
rNeg    + . .      Spirit   .    I - +0 plate armour
rPois   +          Reflect  .    P - +0 hat "Fisiyvic" {rPois}
rElec   .          Harm     .    U - +1 cloak of Starlight {*Dazzle EV+4 Stlth--}
rCorr   .          Rampage  ∞    H - +2 pair of gloves
Will    ++...                    B - +3 pair of seven-league boots {Rampage+∞}
Stlth   ..........               x - amulet of Happiness {RegenMP rF++ Will+}
HPRegen 0.35/turn                p - +4 ring of protection
MPRegen 0.57/turn                N - +6 ring of strength

@: heroic, finesse-ful, unable to drink
A: horns 2, retaliatory headbutt, inability to drink after injury 1
a: Renounce Religion, Heroism, Finesse, Duel


You were on level 3 of the Snake Pit.
You worshipped Okawaru.
Okawaru was extremely pleased with you.
You visited 5 branches of the dungeon, and saw 26 of its levels.
You also visited: Gauntlet.

You collected 2645 gold pieces.
You spent 517 gold pieces at shops.

Inventory:

Hand Weapons
 a - the +10 broad axe of the Valley (weapon) {freeze, rN+ Str+2}
   (Okawaru gifted it to you on level 5 of the Lair of Beasts)

   It freezes those it strikes, dealing additional cold damage.
   It can also slow down cold-blooded creatures.
   Str:       It affects your strength (+2).
   rN:        It protects you from negative energy.
Missiles
 C - a throwing net
 E - 13 javelins (quivered)
Armour
 b - a +2 pair of boots
   (You found it on level 7 of the Dungeon)
 B - the +3 pair of seven-league boots (worn) {Rampage+∞}
   (You found it on level 3 of the Lair of Beasts)

   Its wearer moves as far as possible in that direction when moving towards
   enemies.
 G - a +0 kite shield
   (You took it off a gnoll sergeant on level 6 of the Dungeon)
 H - a +2 pair of gloves (worn)
   (You found it on level 7 of the Dungeon)
 I - a +0 plate armour (worn)
   (You found it on level 8 of the Dungeon)
 K - the +5 tower shield of Negation (worn) {Int+2}
   (Okawaru gifted it to you in a Gauntlet)

   Int:       It affects your intelligence (+2).
 O - a +0 cloak of willpower
   (You took it off Crazy Yiuf on level 5 of the Dungeon)
 P - the +0 hat "Fisiyvic" (worn) {rPois}
   (Okawaru gifted it to you on level 2 of the Snake Pit)

   rPois:     It protects you from poison.
 U - the +1 cloak of Starlight (worn) {*Dazzle EV+4 Stlth--}
   (Okawaru gifted it to you on level 4 of the Lair of Beasts)

   It may blind those who miss an attack against the wearer in melee combat.
   EV:        It affects your evasion (+4).
   Stlth:     It makes you much less stealthy.
Jewellery
 c - a ring of protection from cold
   (You found it on level 2 of the Lair of Beasts)
 i - a ring of see invisible
   (You found it on level 1 of the Snake Pit)
 k - a ring of resist corrosion
   (You found it on level 13 of the Dungeon)
 o - a ring of poison resistance
   (You found it on level 5 of the Dungeon)
 p - a +4 ring of protection (left hand)
   (You found it on level 3 of the Snake Pit)
 x - the amulet of Happiness (around neck) {RegenMP rF++ Will+}
   (You found it in a Gauntlet)

   [amulet of magic regeneration]

   It increases your rate of magic regeneration.
   rF:        It greatly protects you from fire.
   Will:      It increases your willpower.
 N - a +6 ring of strength (right hand)
   (You found it on level 10 of the Dungeon)
 R - an amulet of regeneration
   (You found it on level 4 of the Lair of Beasts)
Wands
 g - a wand of digging (15)
   (You found it on level 9 of the Dungeon)
 W - a wand of iceblast (8)
   (You found it on level 12 of the Dungeon)
 Y - a wand of acid (15)
   (You found it on level 12 of the Dungeon)
Scrolls
 e - 3 scrolls of immolation
 j - 5 scrolls of poison
 l - a scroll of magic mapping
 r - a scroll of identify
 s - 4 scrolls of enchant armour
 t - 8 scrolls of teleportation
 y - 2 scrolls of brand weapon
 z - 4 scrolls of blinking
 D - 2 scrolls of silence
 L - 3 scrolls of vulnerability
 T - a scroll of enchant weapon
 V - 2 scrolls of fear
Potions
 d - 6 potions of might
 f - 8 potions of flight
 h - 9 potions of haste
 m - 6 potions of cancellation
 n - 2 potions of magic
 q - 11 potions of curing
 u - 2 potions of lignification
 v - a potion of invisibility {unknown}
 w - 9 potions of heal wounds
 A - 4 potions of mutation {unknown}
 M - 5 potions of attraction {unknown}
 Q - 3 potions of ambrosia
 X - a potion of berserk rage
Miscellaneous
 F - a condenser vane
   (You found it on level 5 of the Lair of Beasts)
 J - a phial of floods
   (You found it on level 9 of the Dungeon)


   Skills:
 + Level 16.7(21.7) Fighting
 - Level 19.0(24.0) Axes
 + Level 14.2(19.2) Armour
 + Level 9.0(14.0) Dodging
 + Level 16.0(21.0) Shields
 - Level 9.0 Invocations
 + Level 8.3 Evocations


You had 15 spell levels left.
You didn't know any spells.
Your spell library was empty.

Dungeon Overview and Level Annotations

Branches:
Dungeon (15/15)            Temple (1/1) D:7            Lair (5/5) D:11
 Shoals (0/4) Lair:3        Snake (3/4) Lair:2        Slime (0/5) Lair:4
    Orc (2/2) D:10            Elf (0/3) Orc:2        Vaults (0/5) D:13
 Depths (0/4) D:15        Gauntlet (visited)

Altars:
Ashenzari
Cheibriados
Dithmenos
Elyvilon
Fedhas
Gozag
Hepliaklqana
Kikubaaqudgha
Makhleb
Nemelex Xobeh
Okawaru
Qazlal
Ru
Sif Muna
Trog
Uskayaw
Vehumet
Wu Jian
Xom
Yredelemnul
Zin
The Shining One
Lugonu

Shops:
D:6 (   D:8 =   D:10 (   Orc:2 **[**   Snake:3 !=:

Portals:
Abyss: Lair:5

Annotations:
D:3 1 runed translucent door, zkyp's ghost, amateur TeAK
D:11 1 runed translucent door, 1 transporter, Domino's ghost, journeyman MiBe


Innate Abilities, Weirdness & Mutations

You have a pair of horns on your head.
You reflexively headbutt those who attack you in melee.
You occasionally lose the ability to drink potions when taking damage.


Message History

You block the anaconda's attack. The anaconda constricts you.
You slice Asterion!! You freeze Asterion! You headbutt Asterion!
Asterion is severely wounded.
You slash the anaconda! You freeze the anaconda. You block Asterion's attack.
Asterion completely misses you. You block the salamander's attack.
You slash Asterion! You freeze Asterion.
Asterion is severely wounded.
You slice the anaconda!!
The anaconda seems to slow down.
You freeze the anaconda.
You kill the anaconda!
Okawaru accepts your kill.
Your base Dodging skill increases to level 9!
You hit Asterion but do no damage.
Asterion is severely wounded.
Asterion barely misses you. You furiously retaliate!
You headbutt Asterion, but do no damage.
Asterion's vision is obscured by starry radiance!
You block Asterion's attack. You block the salamander's attack.
You hit Asterion but do no damage. You headbutt Asterion.
Asterion is severely wounded.
A hell hound comes into view.
You block Asterion's attack. x2
You catch the helpless Asterion completely off-guard!
You hit Asterion but do no damage. Asterion blocks your attack.
Asterion is severely wounded.
You block the salamander's attack.
You slash Asterion! You freeze Asterion.
Asterion is almost dead.
You block Asterion's attack. x2; You block the salamander's attack.
You hit Asterion. You freeze Asterion.
Asterion is almost dead.
The hell hound breathes flames at you. The blast of flame misses you.
You open Asterion like a pillowcase!!! You freeze Asterion.
You kill Asterion!
Okawaru is honoured by your kill.
The balrug disappears in a puff of smoke!
You block the salamander's attack.
Found a potion of curing and a scale mail.
You block the hell hound's attack. x2; The naga hits you but does no damage.
The naga barely misses you.
Items here: ))) [[[ ††.
You are too injured to fight recklessly!
You are too injured to fight recklessly!
You barely miss the naga. You slice the hell hound!! You freeze the hell hound.
You block the salamander's attack.
You are too injured to fight recklessly!
You barely miss the naga. You closely miss the hell hound.
You block the hell hound's attack. You block the salamander's attack.
You are too injured to fight recklessly!
You slice the naga!! You freeze the naga.
The naga is almost dead.
You miss the hell hound. You block the naga's attack.
The naga closely misses you. The hell hound breathes flames at you.
The blast of flame hits you. You resist.
You slash the naga! You freeze the naga.
You kill the naga!
Okawaru accepts your kill.
You slice the hell hound!! You freeze the hell hound.
You kill the hell hound!
Okawaru accepts your kill. You block the salamander's attack.
You block the naga's attack.
You stride towards the naga!
Found Qamocy's Jewellery Shop and Jutopurph's Distillery.
You slash the naga! You freeze the naga.
The naga is heavily wounded.
You slash the naga! You freeze the naga. You headbutt the naga.
The naga is almost dead.
The naga spits poison at you.
The splash of poison hits you but does no damage.
You resist.
You stride towards the salamander!
You slice the salamander!! You freeze the salamander!!
You headbutt the salamander.
The salamander is severely wounded.
The salamander hits you with a +0 spear.
* * * LOW HITPOINT WARNING * * *
You are engulfed in flames.
You resist.
* * * LOW HITPOINT WARNING * * *
You slice the salamander!! You freeze the salamander!
You kill the salamander!
Okawaru accepts your kill.
A shock serpent comes into view.
Things that are here:
a +0 spear; a salamander corpse The shock serpent hisses angrily.
You see here a hell hound corpse.
You are too injured to fight recklessly!
You stride towards the naga!
You slash the naga! You freeze the naga.
You kill the naga!
Okawaru accepts your kill.
Items here: )))) [[[[ †††.
You are too injured to fight recklessly!
The shock serpent shoots out a bolt of lightning at you!
The bolt of electricity hits you!!
You feel threatened and lose the ability to drink potions!
* * * LOW HITPOINT WARNING * * *
The shock serpent shoots out a bolt of lightning at you!
The bolt of electricity hits you!!
You die...

#...........#...
#######.........
.........(.##..#
....###...## .# .
.. #..####..## ∩.#
#...)...(.. ....#
#).)S......
∩.....###..........
.......@))†####..##
..#######..# .#
....# # ..###.# ...
... .. .... . .....
...![..


You could see a shock serpent.

Vanquished Creatures
  Vashnia (Snake:2)
  Asterion (Snake:3)
  A nagaraja (Snake:2)
  An orc warlord (Orc:2)
  Azrael (Snake:3)
  Snorg (Lair:3)
  A minotaur (Gauntlet)
  A fire dragon (D:15)
  4 vault guards (D:13)
  8 boulder beetles
  7 hydras
  4 salamander tyrants
  A catoblepas (Lair:2)
  An ice dragon (D:15)
  An anaconda (Snake:3)
  2 two-headed ogres
  9 centaur warriors
  3 naga warriors
  10 death yaks
  4 thrashing horrors (Lair:5)
  5 orc high priests (Orc:2)
  9 naga sharpshooters
  2 shock serpents
  5 skeletal warriors (D:13)
  Amaemon (Lair:1)
  4 salamander mystics
  An orange crystal statue (Gauntlet)
  2 naga ritualists
  2 deep elf pyromancers
  A large abomination (Lair:5)
  6 orc knights
  4 mana vipers
  20 ugly things
  3 orc sorcerers
  4 cyclopes
  A manticore (D:13)
  17 slime creatures
  15 salamanders
  12 elephants (Lair:5)
  A torpor snail (Lair:2)
  Joseph (D:8)
  2 guardian serpents (Snake:2)
  21 black mambas
  An orange demon (Lair:1)
  7 naga magi
  2 gargoyles
  Maggie (Lair:1)
  17 cane toads
  2 unseen horrors
  A cane toad (shapeshifter) (D:13)
  8 komodo dragons
  3 rime drakes
  3 ancient zymes (Lair:5)
  2 polar bears
  2 trolls
  A queen bee (shapeshifter) (Lair:5)
  Prince Ribbit (D:6)
  15 blink frogs
  15 dream sheep
  A snapping turtle (Lair:3)
  Sigmund (D:6)
  3 shadows
  2 ynoxinuls (Lair:5)
  2 spriggans (Lair:5)
  A yak (shapeshifter) (Gauntlet)
  4 wyverns
  3 wraiths
  54 yaks
  A vampire (D:12)
  4 fire elementals (Snake:3)
  6 basilisks
  3 steam dragons
  3 chaos spawn (Lair:5)
  3 wargs
  2 acid dragons
  Edmund (D:5)
  17 nagas
  11 water moccasins
  3 hell hounds (Snake:3)
  39 orc warriors
  2 ice beasts
  2 sky beasts
  2 black bears
  A meliai simulacrum (D:15)
  A black bear (shapeshifter) (D:13)
  6 ogres
  7 centaurs
  43 wolves
  3 phantoms
  Blork the orc (D:5)
  4 gnoll sergeants
  9 bullfrogs
  4 necrophages
  4 scorpions
  11 small abominations (Lair:5)
  8 killer bees
  A gnoll bouda (D:7)
  A jelly (D:5)
  22 orc priests
  Crazy Yiuf (D:5)
  3 iguanas
  24 orc wizards
  4 hell rats (Lair:5)
  20 gnolls
  2 adders
  A shadow imp (D:7)
  4 white imps
  An ufetubus (D:6)
  A worm (D:4)
  4 dart slugs
  85 orcs
  4 endoplasms
  2 giant cockroaches (D:3)
  8 goblins
  A hobgoblin (D:4)
  12 jackals
  7 kobolds
  6 quokkas
  5 ball pythons
  9 bats
  2 frilled lizards
  9 rats
793 creatures vanquished.

Vanquished Creatures (others)
  36 fungi
  42 plants
78 creatures vanquished.

Grand Total: 871 creatures vanquished

Notes
Turn   | Place    | Note
-------+----------+-------------------------------------------
     0 | D:1      | Flugkiller the Minotaur Fighter began the quest for the
                  | Orb.
     0 | D:1      | Reached XP level 1. HP: 19/19 MP: 0/0
    15 | D:1      | Reached skill level 3 in Axes
    15 | D:1      | Reached XP level 2. HP: 27/27 MP: 1/1
   381 | D:1      | Reached XP level 3. HP: 27/33 MP: 2/2
  1638 | D:2      | Reached skill level 4 in Axes
  1792 | D:2      | Found a faded altar of an unknown god.
  1982 | D:3      | Noticed zkyp's ghost (amateur TeAK)
  1985 | D:3      | Found a runed translucent door.
  2023 | D:3      | Reached XP level 4. HP: 40/40 MP: 3/3
  2729 | D:4      | Found a burning altar of Makhleb.
  2936 | D:4      | You fall into a shaft and drop 2 floors!
  2948 | D:6      | Noticed a bullfrog
  2956 | D:6      | Killed a bullfrog
  2957 | D:6      | Reached XP level 5. HP: 38/47 MP: 4/4
  3089 | D:6      | Found Ufabbioq's Antique Weapon Emporium.
  3182 | D:6      | Reached skill level 5 in Axes
  3352 | D:6      | Reached skill level 5 in Armour
  3368 | D:6      | Reached skill level 5 in Fighting
  3374 | D:6      | Reached XP level 6. HP: 41/56 MP: 5/5
  3586 | D:6      | Reached skill level 6 in Axes
  4125 | D:6      | Reached XP level 7. HP: 40/62 MP: 6/6
  4420 | D:6      | Reached skill level 7 in Axes
  4737 | D:6      | Noticed Prince Ribbit
  4748 | D:6      | Killed Prince Ribbit
  4976 | D:6      | Reached skill level 8 in Axes
  5192 | D:6      | Identified the +11 dagger "Imnuarr" {pain, Will+ Str-5
                  | Dex+7}
  5254 | D:6      | Reached XP level 8. HP: 71/71 MP: 7/7
  5342 | D:6      | Noticed Sigmund
  5358 | D:6      | Killed Sigmund
  5494 | D:5      | Entered Level 5 of the Dungeon
  5576 | D:5      | Noticed Blork the orc
  5589 | D:5      | Killed Blork the orc
  5590 | D:5      | Reached skill level 9 in Axes
  5924 | D:5      | Noticed Edmund
  5936 | D:5      | Killed Edmund
  6068 | D:5      | Reached skill level 10 in Axes
  6415 | D:5      | Found a runed translucent door.
  6416 | D:5      | Noticed Crazy Yiuf
  6421 | D:5      | Killed Crazy Yiuf
  7259 | D:7      | Found a staircase to the Ecumenical Temple.
  7265 | D:7      | Reached XP level 9. HP: 49/81 MP: 8/8
  7882 | Temple   | Entered the Ecumenical Temple
  8173 | Temple   | Became a worshipper of Warmaster Okawaru
  8539 | D:7      | Reached skill level 11 in Axes
  8539 | D:7      | Reached skill level 1 in Invocations
  9285 | D:8      | Reached * piety under Okawaru
  9365 | D:8      | Found Qoivyl's Jewellery Boutique.
  9626 | D:8      | Noticed Joseph
  9643 | D:8      | Killed Joseph
  9981 | D:8      | Reached skill level 12 in Axes
  9983 | D:8      | Reached ** piety under Okawaru
  9984 | D:8      | Reached XP level 10. HP: 55/91 MP: 11/11
 10466 | D:9      | Noticed a two-headed ogre
 10481 | D:9      | Killed a two-headed ogre
 11100 | D:9      | Reached *** piety under Okawaru
 11113 | D:9      | Reached skill level 13 in Axes
 11487 | D:9      | Reached skill level 10 in Fighting
 11753 | D:10     | Entered Level 10 of the Dungeon
 11835 | D:10     | Reached skill level 10 in Armour
 11947 | D:10     | Found a staircase to the Orcish Mines.
 11973 | D:10     | Reached **** piety under Okawaru
 11995 | D:10     | Reached skill level 5 in Invocations
 12248 | D:10     | Reached XP level 11. HP: 75/101 MP: 11/13
 12416 | D:10     | Found Qucac's Weapon Boutique.
 13094 | D:11     | Reached skill level 1 in Evocations
 13193 | D:11     | Noticed a death yak
 13193 | D:11     | Noticed a death yak
 13193 | D:11     | Noticed a death yak
 13193 | D:11     | Noticed a death yak
 13194 | D:11     | Noticed a death yak
 13194 | D:11     | Noticed a death yak
 13240 | D:11     | Killed a death yak
 13246 | D:11     | Killed a death yak
 13246 | D:11     | Reached ***** piety under Okawaru
 13255 | D:11     | Killed a death yak
 13595 | D:11     | Found a staircase to the Lair.
 13647 | D:11     | Found a runed translucent door.
 13648 | D:11     | Noticed Domino's ghost (journeyman MiBe)
 13682 | D:11     | Noticed a cyan ugly thing
 13691 | D:11     | Killed a cyan ugly thing
 13692 | D:11     | Reached skill level 5 in Evocations
 13998 | D:11     | Found a transporter.
 14005 | D:11     | Reached skill level 1 in Dodging
 14119 | D:11     | Noticed a white ugly thing
 14131 | D:11     | Killed a white ugly thing
 14132 | D:11     | Reached skill level 14 in Axes
 14626 | Lair:1   | Entered Level 1 of the Lair of Beasts
 14639 | Lair:1   | Noticed Maggie
 14652 | Lair:1   | Killed Maggie
 14677 | Lair:1   | Noticed Amaemon
 14682 | Lair:1   | Identified the +5 great sword "Eruroih" {flame, *Noise
                  | Dex+6} (Okawaru gifted it to you on level 1 of the Lair of
                  | Beasts)
 14682 | Lair:1   | Received a gift from Okawaru
 14715 | Lair:1   | Killed Amaemon
 14763 | Lair:1   | Reached XP level 12. HP: 53/110 MP: 11/15
 15672 | Lair:1   | Received a gift from Okawaru
 15885 | Lair:2   | Noticed a six-headed hydra
 15890 | Lair:2   | Killed an eight-headed hydra
 15944 | Lair:2   | Noticed a catoblepas
 15959 | Lair:2   | Reached skill level 15 in Axes
 16165 | Lair:2   | Killed a catoblepas
 16430 | Lair:2   | Found a staircase to the Snake Pit.
 17076 | Lair:3   | Noticed Snorg
 17093 | Lair:3   | Killed Snorg
 17093 | Lair:3   | Received a gift from Okawaru
 17094 | Lair:3   | Reached skill level 16 in Axes
 17172 | Lair:2   | HP: 5/113 [poisoned by a cane toad]
 17932 | Lair:3   | Reached XP level 13. HP: 119/119 MP: 18/18
 18078 | Lair:3   | Found the +3 pair of seven-league boots {Rampage+∞}
 18126 | Lair:3   | Found a staircase to the Shoals.
 18567 | Lair:4   | Reached ****** piety under Okawaru
 18758 | Lair:4   | Reached skill level 17 in Axes
 18762 | Lair:4   | Received a gift from Okawaru
 18762 | Lair:4   | Found the +1 cloak of Starlight {*Dazzle EV+4 Stlth--}
 18883 | Lair:4   | Found a staircase to the Slime Pits.
 19828 | Lair:4   | Reached skill level 18 in Axes
 20270 | Lair:5   | Entered Level 5 of the Lair of Beasts
 20567 | Lair:5   | Identified the +3 leather armour of the Maze {rElec}
 20633 | Lair:5   | Reached XP level 14. HP: 133/133 MP: 19/19
 20667 | Lair:5   | Identified the +10 broad axe of the Valley {freeze, rN+
                  | Str+2} (Okawaru gifted it to you on level 5 of the Lair of
                  | Beasts)
 20667 | Lair:5   | Received a gift from Okawaru
 20670 | Lair:5   | Reached skill level 19 in Axes
 20839 | Lair:5   | Reached skill level 5 in Dodging
 21045 | Lair:5   | Reached skill level 5 in Shields
 21055 | Lair:5   | Reached skill level 15 in Fighting
 21071 | Lair:5   | Identified the +7 ring mail of the Snake Pit {Rampage
                  | Dex+4} (Okawaru gifted it to you on level 5 of the Lair of
                  | Beasts)
 21071 | Lair:5   | Received a gift from Okawaru
 21083 | Lair:5   | Found a corrupted altar of Lugonu.
 21083 | Lair:5   | Found a one-way gate to the infinite horrors of the Abyss.
 22629 | D:13     | Found a gate to the Vaults.
 22670 | D:13     | HP: 2/135 [boulder beetle (48)]
 22794 | D:13     | Found a gate leading to a gauntlet.
 22804 | Gauntlet | Entered a Gauntlet
 22804 | Gauntlet | Found a transporter.
 22804 | Gauntlet | Found a transporter.
 22809 | Gauntlet | Found a transporter.
 22824 | Gauntlet | Found a transporter.
 22838 | Gauntlet | Found a transporter.
 22851 | Gauntlet | Found a transporter.
 22853 | Gauntlet | Found a large runed translucent door.
 22853 | Gauntlet | Found a large runed translucent door.
 22854 | Gauntlet | Found a large runed translucent door.
 22854 | Gauntlet | Found a large runed translucent door.
 22855 | Gauntlet | Found a large runed translucent door.
 22855 | Gauntlet | Found a large runed translucent door.
 22855 | Gauntlet | Found a runed translucent door.
 22855 | Gauntlet | Found a runed translucent door.
 22855 | Gauntlet | Found a large runed translucent door.
 22856 | Gauntlet | Found a large runed translucent door.
 22863 | Gauntlet | Found a large runed translucent door.
 22863 | Gauntlet | Found a large runed translucent door.
 22864 | Gauntlet | Found a large runed translucent door.
 22864 | Gauntlet | Found a large runed translucent door.
 22865 | Gauntlet | Found a large runed translucent door.
 22865 | Gauntlet | Found a large runed translucent door.
 22866 | Gauntlet | Found a runed translucent gate.
 22866 | Gauntlet | Found a runed translucent gate.
 22866 | Gauntlet | Found a runed translucent gate.
 22868 | Gauntlet | Found a transporter.
 22934 | Gauntlet | Found a transporter.
 22949 | Gauntlet | Found a transporter.
 22963 | Gauntlet | Found a transporter.
 22976 | Gauntlet | Found a transporter.
 22993 | Gauntlet | Found a transporter.
 23060 | Gauntlet | Found a transporter.
 23070 | Gauntlet | Found a transporter.
 23076 | Gauntlet | Found a large runed translucent door.
 23077 | Gauntlet | Found a large runed translucent door.
 23084 | Gauntlet | Found a transporter.
 23121 | Gauntlet | Found a transporter.
 23229 | Gauntlet | Identified the amulet of Happiness {RegenMP rF++ Will+}
 23305 | Gauntlet | Identified the +5 tower shield of Negation {Int+2} (Okawaru
                  | gifted it to you in a Gauntlet)
 23305 | Gauntlet | Received a gift from Okawaru
 23595 | D:13     | Reached XP level 15. HP: 109/141 MP: 20/20
 24223 | D:13     | Reached skill level 10 in Shields
 24755 | D:14     | Identified the +11 war axe "Daenwaax" {speed, rF+ Will-
                  | Int+2}
 24923 | D:15     | Entered Level 15 of the Dungeon
 25082 | D:15     | Identified the +0 ring mail of the Bagpipe {rC- Int+8 Dex+6
                  | Stlth+} (Okawaru gifted it to you on level 15 of the
                  | Dungeon)
 25082 | D:15     | Received a gift from Okawaru
 25379 | D:15     | Found a staircase to the Depths.
 25724 | Orc:1    | Entered Level 1 of the Orcish Mines
 26119 | Orc:2    | Entered Level 2 of the Orcish Mines
 26121 | Orc:2    | Noticed an orc warlord
 26143 | Orc:2    | Killed an orc warlord
 26414 | Orc:2    | Found a staircase to the Elven Halls.
 26623 | Orc:2    | Gained mutation: You occasionally lose the ability to drink
                  | potions when taking damage. [a neqoxec]
 27497 | Orc:2    | Found Jut Piass's CLEARANCE SALE!.
 27506 | Orc:2    | Bought a potion of heal wounds for 20 gold pieces
 27727 | Orc:2    | Reached skill level 15 in Shields
 28000 | Orc:2    | Found Emiafia's Antique Armour Shop.
 28000 | Orc:2    | Found Feev's General Store.
 28001 | Orc:2    | Found Cugricvo's General Store.
 28001 | Orc:2    | Found Gecrul's Assorted Antiques.
 28009 | Orc:2    | Bought a potion of heal wounds for 85 gold pieces
 28009 | Orc:2    | Bought a scroll of enchant armour for 127 gold pieces
 28011 | Orc:2    | Bought a fuming sapphire potion for 18 gold pieces
 28011 | Orc:2    | Bought a potion of might for 80 gold pieces
 28012 | Orc:2    | Bought a scroll of teleportation for 39 gold pieces
 28013 | Orc:2    | Bought a scroll of identify for 40 gold pieces
 28013 | Orc:2    | Bought a scroll of identify for 40 gold pieces
 28019 | Orc:2    | Bought a potion of might for 68 gold pieces
 28257 | Snake:1  | Entered Level 1 of the Snake Pit
 28607 | Snake:1  | Reached XP level 16. HP: 143/150 MP: 10/21
 29741 | Snake:2  | Received a gift from Okawaru
 29983 | Snake:2  | Noticed Vashnia
 30014 | Snake:2  | Killed Vashnia
 30529 | Snake:2  | Identified the +0 hat "Fisiyvic" {rPois} (Okawaru gifted it
                  | to you on level 2 of the Snake Pit)
 30529 | Snake:2  | Received a gift from Okawaru
 30733 | Snake:3  | Found Ruit's Tremendous Tomes.
 30821 | Snake:3  | Noticed Azrael
 30825 | Snake:3  | Noticed Asterion
 30840 | Snake:3  | Killed Azrael
 30850 | Snake:3  | Killed Asterion
 30856 | Snake:3  | Found Qamocy's Jewellery Shop.
 30856 | Snake:3  | Found Jutopurph's Distillery.
 30864 | Snake:3  | Killed from afar by a shock serpent

Illustrated notes

Levels and vault maps discovered:
D:1:      dpeg_arrival_rhombus, layout_basic, hangedman_decor_growths
D:2:      layout_basic, dilly_ecumenical_altar_fadedgnrine
D:3:      layout_loops_cross, hellmonk_ghost_happy_afterlife
D:4:      layout_basic, makhleb_altar_promises_db
D:5:      layout_basic, uniq_crazy_yiuf_cottage, uniq_blork_the_orc, uniq_edmund
D:6:      minmay_flawed_box, layout_gridville, nicolae_inconvenience_store,
          uniq_sigmund, uniq_prince_ribbit1
D:7:      minmay_spotlight, layout_rooms, minmay_temple_entry_grid
D:8:      layout_rooms, minmay_shop_enchanted_jewellery, supply_closet_lemuel,
          dk_noncrumbling_4, uniq_joseph
D:9:      hellmonk_ruined_rings, layout_basic
D:10:     nicolae_cairo_tiling_large, layout_irregular_city, david_orc_2,
          serial_shops, nicolae_shop_bloodbath_and_beyond
D:11:     layout_grid_maze, dpeg_lair_monsters, gammafunk_ghost_grave,
          minmay_strange_pillars, grunt_decor_cap, roderic_lattice_a,
          nicolae_diode_basic
D:12:     layout_irregular_city
D:13:     minmay_opposing_rooms, layout_loops_corners,
          lightli_vaults_fourway_checkpoint, gauntlet_entry_generic
D:14:     layout_big_octagon, serial_bayou_shore_b, minmay_tree_intersection,
          hangedman_abyss_or_decor_passed
D:15:     grunt_enter_depths_hoard, layout_cave_pools
Temple:   minmay_crystal_snake_temple
Lair:1:   layout_regular_city, grunt_forest_large_clearings, uniq_maggie,
          uniq_amaemon
Lair:2:   layout_roguey, minmay_snake_entry_guardpost_small
Lair:3:   layout_roguey, minmay_shoals_entry_hut, grunt_megastairs_1, uniq_snorg
Lair:4:   layout_cave_pods, slime_entry_1, serial_bayou_crossing
Lair:5:   hellmonk_lair_end_abyssal_woods, layout_loops_ring
Snake:1:  layout_chambers, grunt_megastairs_2
Snake:2:  layout_onion, nicolae_integral_box, uniq_vashnia
Snake:3:  layout_gridlike, nicolae_shop_i_like_big_books, minmay_shop_star,
          lemuel_fruit_tree, uniq_azrael, uniq_asterion
Orc:1:    layout_caves, uniq_josephine
Orc:2:    st_orc_pillars, layout_caves, nicolae_shop_clearance

Skill      XL: |  1  2  3  4  5  6  7  8  9 10 11 12 13 14 15 16 |
---------------+-------------------------------------------------+-----
Axes           | 3 4 5 6 8 10 12 13 14 16 18 19 | 19.0
Fighting       | 4 5 6 7 9 10 11 12 14 15 16 | 16.7
Armour         | 4 5 6 7 9 10 11 12 13 14 | 14.2
Invocations    | 3 5 6 8 9 |  9.0
Evocations     | 5 6 8 |  8.3
Dodging        | 3 4 7 9 |  9.0
Shields        | 7 15 16 | 16.0

Action                   |  1- 3 |  4- 6 |  7- 9 | 10-12 | 13-15 | 16-18 || total
-------------------------+-------+-------+-------+-------+-------+-------++-------
Melee: War axe           |   104 |    81 |   293 |   418 |       |       ||   896
       Headbutt          |     9 |     5 |    43 |    99 |   191 |    60 ||   407
       Executioner's axe |       |       |       |   102 |   189 |       ||   291
       Broad axe         |       |       |       |       |   580 |   239 ||   819
       Punch             |       |       |       |       |     1 |       ||     1
Invok: Heroism           |       |       |       |    11 |    14 |     5 ||    30
       Finesse           |       |       |       |     3 |     9 |     3 ||    15
Evoke: Phial of floods   |       |       |       |     1 |       |       ||     1
       Condenser vane    |       |       |       |       |     1 |       ||     1
  Use: Potion            |       |     1 |       |       |     1 |       ||     2
       Scroll            |       |       |     9 |     9 |     8 |       ||    26
 Stab: Invisible         |       |       |       |       |     9 |     3 ||    12
       Confused          |       |       |       |       |     1 |       ||     1
Armor: Scale mail        |    11 |       |       |       |       |       ||    11
       Chain mail        |    46 |    50 |   153 |       |       |       ||   249
       Skin              |       |    28 |       |       |       |       ||    28
       Plate armour      |       |       |    14 |   295 |   411 |    47 ||   767
Dodge: Dodged            |    53 |    20 |    99 |   200 |   399 |    65 ||   836
Block: Buckler           |    25 |    14 |    52 |    93 |       |       ||   184
       Tower shield      |       |       |       |       |   156 |   284 ||   440
       Kite shield       |       |       |       |       |   101 |       ||   101

Table legend: (Time is in decaauts)
 A = Elapsed time spent in this place.
 B = Non-inter-level travel time spent in this place.
 C = Inter-level travel time spent in this place.
 D = Time resting spent in this place.
 E = Time spent auto-exploring this place.
 F = Levels seen in this place.
 G = Mean time per level.
                   A        B        C        D        E       F      G
               +--------+--------+--------+--------+--------+-----+--------+
         Total |  30677 |  29155 |   1522 |   5697 |  19234 |  27 | 1136.2 |
       Dungeon |  17886 |  16867 |   1019 |   3567 |  11001 |  15 | 1192.4 |
        Temple |    298 |    262 |     36 |      0 |    241 |   1 |  298.0 |
          Lair |   7143 |   6848 |    295 |   1048 |   4777 |   5 | 1428.6 |
     Snake Pit |   2472 |   2403 |     69 |     48 |   1972 |   3 |  824.0 |
  Orcish Mines |   2371 |   2270 |    101 |   1004 |    936 |   2 | 1185.5 |
      Gauntlet |    505 |    505 |      0 |     30 |    307 |   1 |  505.0 |
               +--------+--------+--------+--------+--------+-----+--------+

Top non-repeatable levels by time:
     D:6: 2975 daAuts
   Orc:2: 1971 daAuts
  Lair:4: 1931 daAuts
  Lair:2: 1643 daAuts
    D:11: 1562 daAuts
     D:8: 1526 daAuts
    D:10: 1454 daAuts
     D:7: 1363 daAuts
  Lair:5: 1325 daAuts
    D:13: 1298 daAuts
  Lair:1: 1238 daAuts
 Snake:1: 1211 daAuts
     D:4: 1129 daAuts
     D:5: 1007 daAuts
  Lair:3: 1004 daAuts
